 Dungeon Crawl Stone Soup version 0.20.1-1-g8b1a95d (webtiles) character file.

233 Jazqa the Slasher (level 5, -5/61 HPs)
             Began as a Demonspawn Berserker on Oct 23, 2017.
             Was a Believer of Trog.
             Slain by a gnoll
             ... wielding a +2 flail of holy wrath
              (7 damage)
             ... on level 2 of the Dungeon.
             The game lasted 00:03:38 (2368 turns).

Jazqa the Slasher (Demonspawn Berserker)            Turns: 2368, Time: 00:03:39

Health: -5/61      AC:  5    Str: 22    XL:     5   Next: 75%
Magic:  5/5        EV: 11    Int:  8    God:    Trog [**....]
Gold:   129        SH:  3    Dex: 14    Spells: 4/4 levels left

rFire    . . .     SeeInvis .   a - +0 falchion
rCold    + . .     Gourm    .   d - +0 buckler
rNeg     . . .     Faith    .   b - +0 animal skin
rPois    .         Spirit   .   (no helmet)
rElec    .         Reflect  .   (no cloak)
rCorr    .         Harm     .   (no gloves)
MR       .....                  o - +0 pair of boots
Stlth    ..........             (no amulet)
Regen    0.2/turn               (no ring)
MPRegen  0.1/turn               (no ring)

@: berserking, very quick
A: thin metallic scales 1, cold resistance 1, freezing cloud immunity
a: Berserk, Trog's Hand, Burn Spellbooks, Renounce Religion


You were on level 2 of the Dungeon.
You worshipped Trog.
Trog was pleased with you.
You were very hungry.

You visited 1 branch of the dungeon, and saw 3 of its levels.

You collected 129 gold pieces.


Innate Abilities, Weirdness & Mutations

You are partially covered in thin metallic scales. (AC +2)
Your flesh is cold resistant. (rC+)
You are immune to freezing clouds.


   Skills:
 + Level 3.0 Fighting
 - Level 6.0 Long Blades
 - Level 1.7 Armour
 - Level 1.7 Dodging


You had 4 spell levels left.
You didn't know any spells.

Inventory:

Hand Weapons
 a - a +0 falchion (weapon)
Armour
 b - a +0 animal skin (worn)
 d - a +0 buckler (worn)
 o - a +0 pair of boots (worn)
Jewellery
 k - an uncursed amulet of magic regeneration
 l - an uncursed amulet of harm {unknown}
Scrolls
 h - a scroll of identify {@r1}
 n - a scroll of remove curse {@r2}
Potions
 e - 2 potions of heal wounds {unknown}
 i - a potion of agility {unknown}
 j - 4 potions of mutation {unknown}
 m - a potion of flight {unknown}
 p - a potion of curing {unknown}
 q - a potion of brilliance {unknown}
Comestibles
 c - 3 bread rations {@e1}
 f - 16 fruits {@e2}

Dungeon Overview and Level Annotations

Branches:
Dungeon (3/15)

Altars:
Dithmenos

#......######.## #...#
##.### #......######...
....# #...#
#......##...##### #.
#...# #.#.............#
#########...#
#.#.#####...###.#
#........#..# #.#.#
#...###.## #........##.#
#.#.# #...#....#
#............ #.#.#
#...#....# #........##..
#.#.#
#####..@.####.#.........
##.#.#
#..g(#......#######.
...#. #....#......# #.
...# #....#......# #g
..## #....#......# #.
..# #....#......# #. ..#
###.#####.#.#######. .##
#.# #.#......... .#
#####.### #.##########


You could see a gnoll.


Message History

You kill the rat!
Trog accepts your kill.
You are feeling hungry.
You closely miss the gnoll. The gnoll closely misses you.
You closely miss the gnoll. The gnoll closely misses you.
You barely miss the gnoll.
The gnoll hits you with a flail of holy wrath!
You convulse!
You hit the gnoll.
The gnoll is lightly wounded.
The gnoll hits you with a flail of holy wrath.
* * * LOW HITPOINT WARNING * * *
You convulse.
* * * LOW HITPOINT WARNING * * *
Unknown command.
You see here 14 sling bullets.
Use which ability? (? or * to list)
A red film seems to cover your vision as you go berserk!
You feel yourself moving faster!
You feel mighty!
You are feeling very hungry.
The gnoll hits you with a flail of holy wrath!
* * * LOW HITPOINT WARNING * * *
You convulse.
* * * LOW HITPOINT WARNING * * *
You slash the gnoll!
The gnoll is heavily wounded.
The gnoll hits you with a flail of holy wrath.
* * * LOW HITPOINT WARNING * * *
You convulse!
You die...

Skill      XL: |  1  2  3  4  5 |
---------------+----------------+-----
Long Blades    | 3 5 6 |  6.0
Fighting       | |  3.0
Armour         | |  1.7
Dodging        | |  1.7

Action                   |  1- 3 |  4- 6 || total
-------------------------+-------+-------++-------
Melee: Falchion          |    99 |    41 ||   140
Invok: Berserk           |     1 |     1 ||     2
  Use: Scroll            |     4 |       ||     4
 Stab: Sleeping          |     1 |     1 ||     2
  Eat: Chunk             |     3 |     2 ||     5
Armor: Animal skin       |    36 |     2 ||    38
Dodge: Dodged            |    71 |    19 ||    90
Block: Buckler           |     5 |     8 ||    13
       Rpst.: Falchion   |    18 |     7 ||    25

Vault maps used:
D:1:      scummos_arrival_forest
D:2:      first_bread, dk_vineyard_3, grunt_dithmenos_smoke
D:3:      chequers_temple_overflow_minitemple, st_stairs_6, uniq_sigmund

Notes
Turn   | Place    | Note
-------+----------+-------------------------------------------
     0 | D:1      | Jazqa the Demonspawn Berserker began the quest for the Orb.
     0 | D:1      | Reached XP level 1. HP: 18/18 MP: 1/1
   129 | D:1      | Reached skill level 3 in Long Blades
   265 | D:1      | Gained mutation: You are partially covered in thin metallic scales. (AC +2) [demonic ancestry]
   265 | D:1      | Reached XP level 2. HP: 14/24 MP: 2/2
  1318 | D:2      | Gained mutation: Your flesh is cold resistant. (rC+) [demonic ancestry]
  1318 | D:2      | Reached XP level 3. HP: 24/29 MP: 3/3
  1330 | D:2      | Reached skill level 4 in Long Blades
  1664 | D:2      | Found a shadowy altar of Dithmenos.
  1903 | D:3      | Reached ** piety under Trog
  1961 | D:3      | Noticed Sigmund
  1968 | D:3      | Killed Sigmund
  1968 | D:3      | Reached skill level 5 in Long Blades
  1968 | D:3      | Reached XP level 4. HP: 35/35 MP: 4/4
  1968 | D:3      | Gained mutation: You are immune to freezing clouds. [demonic ancestry]
  1968 | D:3      | Reached XP level 5. HP: 41/41 MP: 5/5
  2276 | D:2      | Reached skill level 6 in Long Blades
  2368 | D:2      | HP: 2/61 [gnoll/flail of holy wrath (6)]
  2368 | D:2      | Slain by a gnoll

Vanquished Creatures
  Sigmund (D:3)
  2 adders (D:2)
  An adder skeleton (D:3)
  A dart slug (D:3)
  4 leopard geckos
  4 orcs (D:3)
  A giant cockroach (D:2)
  A goblin (D:1)
  6 hobgoblins
  3 bats
  2 frilled lizards
  5 kobolds (D:1)
  7 rats
38 creatures vanquished.
